 Dungeon Crawl Stone Soup version 0.24-a0-375-g4de66ed42b (webtiles) character file.

Game seed: 157417730081036952

2201 ohad the Martial Artist (level 9, 0/70 HPs)
             Began as an Octopode Transmuter on May 31, 2019.
             Was an Initiate of Gozag.
             Slain by an orc warrior
             ... wielding a +0 short sword
              (14 damage)
             ... on level 7 of the Dungeon.
             The game lasted 00:16:26 (7420 turns).

ohad the Martial Artist (Octopode Transmuter)       Turns: 7420, Time: 00:16:27

Health: 0/70       AC:  6    Str:  9    XL:     9   Next: 34%
Magic:  7/13       EV: 11    Int: 19    God:    Gozag
Gold:   894        SH:  0    Dex: 12    Spells: 4/14 levels left

rFire    x . .     SeeInvis .     - Unarmed
rCold    + + +     Gourm    .   (shield currently unavailable)
rNeg     . . .     Faith    .   (helmet currently unavailable)
rPois    +         Spirit   .   (no amulet)
rElec    .         Reflect  .   (no ring)
rCorr    .         Harm     .   (no ring)
MR       .....                  (no ring)
Stlth    +.........             (no ring)
HPRegen  0.21/turn              (no ring)
MPRegen  0.13/turn              (no ring)
                                (no ring)
                                (no ring)

@: ice-form, very slightly contaminated
A: large, almost no armour, stealthy swim, amphibious, 8 rings, (constrict 8)
a: End Transformation, Potion Petition, Call Merchant, Bribe Branch, Renounce
Religion


You were on level 7 of the Dungeon.
You worshipped Gozag.
Gozag was pleased with you.
You were not hungry.
You were a creature of crystalline ice.
You visited 2 branches of the dungeon, and saw 8 of its levels.
You also visited: Sewer.

You collected 999 gold pieces.
You paid 105 gold pieces to Gozag.

Inventory:

Hand Weapons
 p - the +1 mace "Gafall" {holy, rElec Str-3 Dex+7 Stlth+, unknown}
   (You found it on level 5 of the Dungeon)

   It has been blessed by the Shining One to cause great damage to the undead
   and demons.
   It affects your strength (-3).
   It affects your dexterity (+7).
   It insulates you from electricity.
   It makes you more stealthy.
 w - the +3 whip "Damit" {slash, Str+2}
   (You found it in a sewer)

   It inflicts extra damage upon your enemies.
   It affects your strength (+2).
Missiles
 a - 103 arrows
 h - 8 atropa-tipped darts (quivered)
 l - 31 poisoned darts
Magical Staves
 y - an uncursed staff of death {unknown}
Wands
 r - a wand of paralysis (8)
 z - a wand of scattershot (3)
Scrolls
 b - 2 scrolls of fog {unknown}
 d - a scroll of magic mapping
 e - 4 scrolls of remove curse
 f - 2 scrolls of random uselessness {unknown}
 g - 2 scrolls of blinking {unknown}
 j - 4 scrolls of teleportation {unknown}
 k - 2 scrolls of noise {unknown}
 m - a scroll of fear {unknown}
 n - a scroll of amnesia {unknown}
 x - 3 scrolls of immolation {unknown}
Potions
 i - a potion of lignification {unknown}
 o - a potion of curing
 q - a potion of ambrosia
 s - 3 potions of resistance
 t - a potion of magic
 u - a potion of degeneration
 v - a potion of agility {unknown}
Comestibles
 c - 12 rations


   Skills:
 * Level 4.6 Fighting
 + Level 4.2 Dodging
 + Level 8.4 Unarmed Combat
 - Level 3.2 Spellcasting
 - Level 5.1 Transmutations
 - Level 4.0 Ice Magic


You had 4 spell levels left.
You knew the following spells:

 Your Spells              Type           Power        Failure   Level  Hunger
a - Beastly Appendage     Tmut           ###...       1%          1    None
b - Sticks to Snakes      Tmut           ###.....     2%          2    ##.....
c - Spider Form           Tmut/Pois      ##........   16%         3    ###....
d - Ice Form              Ice/Tmut       ###.....     22%         4    ####...

Your spell library contained the following spells:

 Spells                   Type           Power        Failure   Level  Hunger
 Confusing Touch          Hex            #.....       16%         1    None
 Magic Dart               Conj           #...         16%         1    None
 Blink                    Tloc           N/A          22%         2    ##.....
 Call Imp                 Summ           #.......     22%         2    ##.....
 Slow                     Hex            #.......     22%         2    ##.....
 Confuse                  Hex            #.......     41%         3    ###....
 Conjure Flame            Conj/Fire      #.......     41%         3    ###....
 Gell's Gravitas          Tloc           #.........   41%         3    ###....
 Mephitic Cloud           Conj/Pois/Air  #.......     41%         3    ###....
 Petrify                  Tmut/Erth      ##......     45%         4    ####...
 Blade Hands              Tmut           ###.......   45%         5    ######.
 Yara's Violent Unravell  Hex/Tmut       ##........   82%         5    ######.
 Metabolic Englaciation   Hex/Ice        ##........   87%         5    ######.


Dungeon Overview and Level Annotations

Branches:
Dungeon (7/15)             Temple (1/1) D:5

Altars:
Ashenzari
Fedhas
Gozag
Hepliaklqana
Makhleb
Nemelex Xobeh
Qazlal
Ru
Trog
Vehumet
Wu Jian
The Shining One

Annotations:
D:4 2 transporters


Innate Abilities, Weirdness & Mutations

You cannot wear most types of armour.
You are very stealthy in the water. (Stealth+)
You are amphibious.
You can wear up to eight rings at the same time.
((You can use your tentacles to constrict eight enemies at once.))
((Your skin changes colour to match your surroundings (Stealth+).))
((Your rubbery body absorbs attacks. (AC +1, EV +1)))


Message History

* * * LOW HITPOINT WARNING * * *
Unknown command.
You hit the orc warrior but do no damage.
The orc warrior is lightly wounded.
The orc warrior hits you but does no damage.
You punch the orc warrior! You freeze the orc warrior.
The orc warrior is heavily wounded.
You closely miss the orc warrior.
The orc warrior is heavily wounded.
The orc warrior hits you with a +0 short sword.
* * * LOW HITPOINT WARNING * * *
You barely miss the orc warrior.
The orc warrior is heavily wounded.
The orc warrior completely misses you.
Unknown command.
You punch the orc warrior! You freeze the orc warrior.
The orc warrior is severely wounded.
The orc warrior hits you with a +0 short sword!
You die...
Your body crumbles into a pile of gold.

........#...........##.....((..#
.......#.#(..................#..
#)#(#(...............#...#
#.#)#.#..................##
#.##.##.#...........<....## #.#
#.###.#........)......## #.# #.#
##.#.o....)).......## #.# #.#
##.#o###.........<.. #.# #.#
##Y##............). ## .(.
###...#........... ..#..
#............... ... ...
#.()).##.......# ....
.............#........# .....
.......#......#..#..... #####.
.........#########..... ...#..#
###... #.#### ##..


You could see an orc warrior and an orc.

Vanquished Creatures
  Sigmund (D:2)
  An orc warrior (D:7)
  2 necrophages
  2 ogres
  2 centaurs
  3 bullfrogs
  A scorpion (D:6)
  A water moccasin skeleton (D:7)
  A howler monkey (D:6)
  5 wights
  A bullfrog zombie (D:5)
  3 hounds (D:6)
  3 orc priests
  3 bullfrog skeletons
  3 orc wizards
  Jessica (D:2)
  3 iguanas
  4 worker ants
  A statue (D:4)
  A hound skeleton (D:6)
  11 adders
  A shadow imp (D:5)
  12 oozes
  2 worms
  A dart slug (D:1)
  21 leopard geckos
  12 orcs
  A bat (D:2)
  7 giant cockroaches
  12 goblins
  5 hobgoblins
  8 jackals
  6 quokkas
  4 ball pythons (Sewer)
  9 frilled lizards
  2 kobolds (D:1)
  A leopard gecko zombie (D:6)
  6 rats
163 creatures vanquished.

Vanquished Creatures (collateral kills)
  Robin (D:3)
1 creature vanquished.

Grand Total: 164 creatures vanquished

Notes
Turn   | Place    | Note
-------+----------+-------------------------------------------
     0 | D:1      | ohad the Octopode Transmuter began the quest for the Orb.
     0 | D:1      | Reached XP level 1. HP: 13/13 MP: 3/3
    53 | D:1      | Reached XP level 2. HP: 11/18 MP: 3/5
   502 | D:1      | Reached XP level 3. HP: 19/23 MP: 4/6
   514 | D:1      | Learned a level 2 spell: Sticks to Snakes
   518 | D:1      | Learned a level 3 spell: Spider Form
   628 | D:1      | Found a glowing golden altar of the Shining One.
   714 | D:2      | Noticed an ogre
   861 | D:2      | Noticed Jessica
   865 | D:2      | Killed Jessica
   865 | D:2      | Reached XP level 4. HP: 27/28 MP: 3/7
   939 | D:2      | Noticed Sigmund
   954 | D:2      | Killed Sigmund
   954 | D:2      | Reached skill level 5 in Transmutations
   954 | D:2      | Reached XP level 5. HP: 20/33 MP: 5/9
   967 | D:2      | Learned a level 4 spell: Ice Form
  1156 | D:2      | Reached skill level 1 in Ice Magic
  1156 | D:2      | Reached XP level 6. HP: 29/38 MP: 10/10
  2523 | D:3      | Noticed Robin
  2840 | D:3      | Found a blossoming altar of Fedhas.
  3104 | D:3      | Killed Robin
  3772 | D:4      | Reached XP level 7. HP: 40/43 MP: 5/11
  3839 | D:4      | Found a transporter.
  3894 | D:4      | Found a bloodstained altar of Trog.
  3903 | D:4      | Found a radiant altar of Vehumet.
  4304 | D:4      | Found a transporter.
  4308 | D:4      | Found a hazy altar of Hepliaklqana.
  4356 | D:5      | Entered Level 5 of the Dungeon
  4359 | D:5      | Found a sparkling altar of Nemelex Xobeh.
  4611 | D:5      | Found a staircase to the Ecumenical Temple.
  4629 | D:5      | Reached skill level 4 in Unarmed Combat
  4645 | Temple   | Entered the Ecumenical Temple
  4707 | Temple   | Became a worshipper of Gozag Ym Sagoz the Greedy
  4828 | D:5      | Found an ornate altar of the Wu Jian Council.
  4892 | D:5      | Got an iridescent mace
  5137 | D:5      | Found a stormy altar of Qazlal.
  5253 | D:6      | Reached XP level 8. HP: 47/51 MP: 6/12
  5309 | D:6      | Found a glowing drain.
  5324 | D:6      | Reached skill level 5 in Unarmed Combat
  5334 | Sewer    | Entered a sewer
  5683 | Sewer    | Got an ancient whip
  5811 | Sewer    | Identified the +3 whip "Damit" {slash, Str+2} (You found it
                  | in a sewer)
  5932 | D:6      | Found a burning altar of Makhleb.
  5936 | D:6      | Reached skill level 6 in Unarmed Combat
  6086 | D:6      | Found a shattered altar of Ashenzari.
  6436 | D:6      | Reached skill level 7 in Unarmed Combat
  6632 | D:7      | Reached XP level 9. HP: 54/58 MP: 9/13
  6746 | D:7      | Reached skill level 8 in Unarmed Combat
  7420 | D:7      | Slain by an orc warrior

Levels and vault maps discovered:
D:1:      ebering_trefoil_twist, layout_basic, tso_altar
D:2:      layout_loops_cross, uniq_sigmund, uniq_jessica
D:3:      layout_basic, fedhas_altar_1, uniq_robin
D:4:      cheibrodos_helix_gallery, layout_basic,
          gammafunk_temple_overflow_arena, bloody_trog, vehumet_statue,
          first_ration, serial_forest, infiniplex_forest_lined_ring,
          infiniplex_forest_straight_2, infiniplex_forest_clump_medium,
          infiniplex_forest_lined_3_way, infiniplex_forest_straight_2,
          infiniplex_forest_lined_corner, infiniplex_forest_clump_small,
          infiniplex_forest_clump_diagonal, infiniplex_forest_clump_diagonal
D:5:      layout_loops_ring, lemuel_round_altar, grunt_qazlal_clouds,
          nemelex_xobeh_ov_fountains_minmay, minmay_temple_entry_grid,
          dk_rats_in_the_wall
D:6:      minmay_octagon_keep, layout_basic, overflow_temple_1_default,
          portal_sewer_entry_f, makhleb_blood_cavern_becter
D:7:      wad_pebble_path, layout_cave_pools, nemelex_dance_club_becter
Temple:   nicolae_temple_figure_zero

Skill      XL: |  1  2  3  4  5  6  7  8  9 |
---------------+----------------------------+-----
Transmutations | 3 4 5 |  5.1
Spellcasting   | 3 |  3.2
Ice Magic      | 1 4 |  4.0
Fighting       | 2 4 |  4.6
Unarmed Combat | 4 7 8 |  8.4
Dodging        | 3 4 |  4.2

Action                   |  1- 3 |  4- 6 |  7- 9 || total
-------------------------+-------+-------+-------++-------
Melee: Unarmed           |    46 |   106 |   303 ||   455
       Constrict         |    13 |     8 |    11 ||    32
       Tentacles         |    11 |     3 |     8 ||    22
       Kick              |     7 |     3 |       ||    10
       Punch             |     1 |     1 |     2 ||     4
 Cast: Beastly Appendage |     9 |     4 |       ||    13
       Spider Form       |     1 |     9 |     3 ||    13
       Sticks to Snakes  |       |     4 |       ||     4
       Ice Form          |       |     3 |    21 ||    24
  Use: Scroll            |       |       |     8 ||     8
       Potion            |       |       |     3 ||     3
 Stab: Sleeping          |     1 |     5 |     4 ||    10
  Eat: Chunk             |       |    11 |     4 ||    15
       Ration            |       |       |     4 ||     4
Armor: Skin              |     1 |     9 |    68 ||    78
Dodge: Dodged            |    31 |    71 |   159 ||   261

Table legend:
 A = Non-vault XP
 B = Vault XP
 C = Vault XP percentage of total XP
 D = Non-vault monster count
 E = Vault monster count
 F = Vault count percentage of total count
                 A         B        C        D         E       F
            +---------+---------+-------+---------+---------+-------
      Total |    1938 |    1207 |  38.4 |      92 |      72 |  43.9
            +---------+---------+-------+---------+---------+-------
        D:1 |      39 |       0 |   0.0 |      18 |       0 |   0.0
        D:2 |     178 |     247 |  58.1 |      15 |       3 |  16.7
        D:3 |     101 |      25 |  19.8 |      10 |       7 |  41.2
        D:4 |      64 |      36 |  36.0 |       7 |       3 |  30.0
        D:5 |     386 |       0 |   0.0 |       9 |       0 |   0.0
        D:6 |     396 |     631 |  61.4 |      14 |      17 |  54.8
        D:7 |     774 |       0 |   0.0 |      19 |       0 |   0.0
      Sewer |       0 |     268 | 100.0 |       0 |      42 | 100.0
            +---------+---------+-------+---------+---------+-------
